 Dungeon Crawl Stone Soup version 0.28-a0-511-gcc94558de3 (webtiles) character file.

Game seed: 11754289576136370320

35 siradein the Bolt Thrower (level 3, -3/27 HPs)
             Began as a Demonspawn Hunter on Sept 21, 2021.
             Slain by a goblin (12 damage)
             ... on level 1 of the Dungeon.
             The game lasted 00:02:07 (874 turns).

siradein the Bolt Thrower (Demonspawn Hunter)        Turns: 874, Time: 00:02:10

Health: -3/27      AC:  4    Str: 12    XL:     3   Next: 16%
Magic:  3/3        EV: 11    Int: 12    God:
Gold:   81         SH:  0    Dex: 14    Spells: 2/2 levels left

rFire   . . .      SeeInvis .   h - +2 bardiche (freeze)
rCold   . . .      Faith    .   (shield currently unavailable)
rNeg    . . .      Spirit   .   c - +0 leather armour
rPois   .          Reflect  .   (no helmet)
rElec   .          Harm     .   (no cloak)
rCorr   .          Rampage  .   f - +0 pair of gloves
Will    .....                   (no boots)
Stlth   +.........              (no amulet)
HPRegen 0.09/turn               (no ring)
MPRegen 0.08/turn               (no ring)

@: no status effects
A: hooves 1
a: no special abilities


You were on level 1 of the Dungeon.
You visited 1 branch of the dungeon, and saw 1 of its levels.

You collected 81 gold pieces.

Inventory:

Hand Weapons
 a - a +1 hand crossbow
 h - a +2 bardiche of freezing (weapon)
Missiles
 b - 14 poisoned darts
 d - 20 bolts
 g - 29 stones (quivered)
Armour
 c - a +0 leather armour (worn)
 f - a +0 pair of gloves (worn)
Scrolls
 e - a scroll of vulnerability {unknown}
 i - a scroll of identify {unknown}


   Skills:
 - Level 2.0 Fighting
 + Level 4.6 Crossbows
 - Level 1.7 Dodging
 - Level 0.8 Stealth


You had 2 spell levels left.
You didn't know any spells.
Your spell library was empty.

Dungeon Overview and Level Annotations

Branches:
Dungeon (1/15)

Altars:

Shops:
D:1 (:


Innate Abilities, Weirdness & Mutations

You have large cloven feet.


Message History

You kick the goblin.
The goblin is moderately wounded.
The goblin hits you but does no damage. x2
You hit the goblin. You freeze the goblin.
You kill the goblin!
You closely miss the frilled lizard.
The frilled lizard bites you but does no damage.
The frilled lizard barely misses you.
You closely miss the frilled lizard. The frilled lizard closely misses you.
The frilled lizard bites you but does no damage.
You miss the frilled lizard.
The frilled lizard bites you but does no damage.
The frilled lizard closely misses you.
You closely miss the frilled lizard.
The frilled lizard bites you but does no damage.
The frilled lizard closely misses you.
You hit the frilled lizard. You freeze the frilled lizard.
You kill the frilled lizard!
No target in view!
No target in view!
Things that are here:
a +0 dagger; a frilled lizard corpse; a goblin corpse You now have 81 gold pieces (gained 16).
A goblin comes into view.
It is wielding a +2 dagger of electrocution.
A goblin is nearby!
A goblin is nearby!
A goblin is nearby!
A goblin is nearby!
The goblin shouts!
You hear a shout!
You reach to attack!
You closely miss the goblin.
A kobold comes into view. It is wielding a +0 whip.
The goblin misses you.
You miss the goblin. The goblin barely misses you. x2
You barely miss the goblin. Your kick misses the goblin.
The goblin hits you with a +2 dagger of electrocution.
You are electrocuted!
Ouch! That really hurt!
The goblin hits you with a +2 dagger of electrocution.
You are electrocuted!
You die...

.##..###.##...#.#
.##..###.###.##>#
.........# #.##.#
.##..##### #.##.#
.##..#######.##.#
................#
##.#..#...#.##..#
...#..#...#.##..####.#.#
...#..#...#.##..@gK.....
............##.#####.#.#
...........†.#.#
...#......#....#
...#)...._#.##.#
...#......#.##.#
....†..........
.........#####
#####.####


You could see a goblin and a kobold.

Vanquished Creatures
  2 gnolls (D:1)
  A dart slug (D:1)
  3 ball pythons (D:1)
  2 endoplasms (D:1)
  A giant cockroach (D:1)
  A goblin (D:1)
  A quokka (D:1)
  2 frilled lizards (D:1)
  A rat (D:1)
14 creatures vanquished.

Notes
Turn   | Place    | Note
-------+----------+-------------------------------------------
     0 | D:1      | siradein the Demonspawn Hunter began the quest for the Orb.
     0 | D:1      | Reached XP level 1. HP: 16/16 MP: 1/1
   113 | D:1      | Found Qamoiv's Book Shoppe.
   136 | D:1      | Reached skill level 4 in Crossbows
   136 | D:1      | Gained mutation: You have large cloven feet. [demonic
                  | ancestry]
   136 | D:1      | Reached XP level 2. HP: 2/22 MP: 2/2
   140 | D:1      | HP: 1/22 [constriction (1)]
   545 | D:1      | Found Apayth's Weapon Shoppe.
   625 | D:1      | Found a faded altar of an unknown god.
   825 | D:1      | Reached XP level 3. HP: 27/27 MP: 3/3
   874 | D:1      | Slain by a goblin

Illustrated notes

Levels and vault maps discovered:
D:1:      elethiomel_arrival_infinity_welcomes_careful_drivers,
          layout_loops_ring, hellmonk_ecumenical_altar_lost_god, serial_shops,
          nicolae_shop_behind_doors, shop_fountains, shop_fountains

Skill      XL: |  1 |
---------------+----+-----
Crossbows      | 4 |  4.6
Fighting       | |  2.0
Dodging        | |  1.7
Stealth        | |  0.8

Action                   || total
-------------------------++-------
Melee: Short sword       ||    20
       Bardiche          ||    16
       Kick              ||     4
 Fire: Hand crossbow     ||     3
Armor: Leather armour    ||    12
Dodge: Dodged            ||    23

Table legend: (Time is in decaauts)
 A = Elapsed time spent in this place.
 B = Non-inter-level travel time spent in this place.
 C = Inter-level travel time spent in this place.
 D = Time resting spent in this place.
 E = Time spent auto-exploring this place.
 F = Levels seen in this place.
 G = Mean time per level.
                   A        B        C        D        E       F      G
               +--------+--------+--------+--------+--------+-----+--------+
         Total |    887 |    887 |      0 |      0 |    735 |   1 |  887.0 |
       Dungeon |    887 |    887 |      0 |      0 |    735 |   1 |  887.0 |
               +--------+--------+--------+--------+--------+-----+--------+

Top non-repeatable levels by time:
     D:1: 887 daAuts
